 Dungeon Crawl Stone Soup version 0.32-a0-411-g744942f433 (webtiles) character file.

Game seed: 158106407730124445

10 shadowstone the Changeling (level 2, 0/18 HPs)
             Began as an Octopode Shapeshifter on Feb 20, 2024.
             Slain by a rat (2 damage)
             ... on level 1 of the Dungeon.
             The game lasted 00:00:22 (192 turns).

shadowstone the Changeling (Octopode Shapeshifter)   Turns: 192, Time: 00:00:23

Health: 0/18       AC:  1    Str: 13    XL:     2   Next: 20%
Magic:  2/2        EV: 13    Int: 12    God:
Gold:   0          SH:  0    Dex: 11    Spells: 1/1 levels left

rFire   . .          .
                       - Unarmed
rCold   . . .        (no shield)
rNeg    . . .        (helmet currently unavailable)
rPois   .            (no amulet)
rElec   .            (no ring)
rCorr   .            (no ring)
SInv    .            (no ring)
Will    .....        (no ring)
Stlth   ++           (no ring)
HPRegen 0.23/turn    (no ring)
MPRegen 0.08/turn    (no ring)
                     (no ring)

%: no passive effects
@: beast-form
A: beast (slay +1), almost no armour, amphibious, 8 rings, camouflage 1,
gelatinous body 1, (nimble swimmer 1), tentacles
a: Begin Untransformation


You were on level 1 of the Dungeon.
You were a hulking beast.
You visited 1 branch of the dungeon, and saw 1 of its levels.

Inventory:

Talismans
 b - a beast talisman (active)
 c - a flux talisman
Scrolls
 d - a scroll of teleportation {unknown}
 f - a scroll of amnesia {unknown}
Potions
 a - a potion of lignification
 e - a potion of degeneration {unknown}


   Skills:
 + Level 1.0 Fighting
 + Level 2.3 Dodging
 + Level 3.1 Unarmed Combat
 + Level 3.2 Shapeshifting


You had one spell level left.
You didn't know any spells.
Your spell library contained the following spells:

 Spells                   Type           Power      Damage    Failure   Level
 Cause Fear               Hex            0%         N/A       97%         4
 Fireball                 Conj/Fire      0%         3d3       100%        5
 Dragon's Call            Summ           0%         N/A       100%        9


Dungeon Overview and Level Annotations

Branches:
Dungeon (1/15)

Altars:


Innate Abilities, Weirdness & Mutations

You are a hulking beast.
Your limbs bulge with bestial killing power. (Slay +1)
You cannot wear most types of armour.
You are amphibious.
You can wear up to eight rings at the same time.
Your skin changes colour to match your surroundings (Stealth+).
Your rubbery body absorbs attacks. (AC +1, EV +1)
((You are camouflaged when in or above water. (Stealth+)))
You have tentacles for arms and can constrict up to eight enemies at once.


Message History

A frilled lizard comes into view.
The ball python hisses angrily.
The frilled lizard hisses angrily.
The ball python bites you. The ball python grabs you.
The ball python constricts you.
You escape the ball python's grasp.
The bat hits you. The ball python barely misses you. x2
A rat comes into view.
The ball python bites you. The ball python grabs you.
The ball python constricts you.
You miss the bat. Your grab misses the bat. The bat closely misses you.
The frilled lizard bites you. The ball python misses you.
The ball python constricts you.
You escape the ball python's grasp.
The bat hits you but does no damage. The frilled lizard bites you.
The ball python barely misses you. The ball python grabs you.
The ball python constricts you.
The ball python's grasp on you weakens, but your attempt to escape fails.
The bat barely misses you. The frilled lizard bites you.
The ball python barely misses you. The ball python constricts you.
You tentacle-slap the ball python. Your grab misses the ball python.
The ball python is moderately wounded.
The bat hits you but does no damage. The frilled lizard closely misses you.
The ball python bites you. The ball python constricts you.
* * * LOW HITPOINT WARNING * * *
You tentacle-slap the ball python.
You kill the ball python!
The bat closely misses you. The frilled lizard closely misses you.
The frilled lizard attacks as it pursues you!
The frilled lizard misses you. The bat completely misses you.
You see here a ball python corpse.
You barely miss the bat. You grab the bat. Your squeeze misses the bat.
You constrict the bat. The bat hits you but does no damage.
The bat struggles to escape constriction.
The frilled lizard bites you.
* * * LOW HITPOINT WARNING * * *
The bat escapes!
The bat hits you but does no damage. The rat bites you.
* * * LOW HITPOINT WARNING * * *
The frilled lizard closely misses you. The rat bites you.
You die...

# # # # ####+#+## #
#.......# #
#.......###########
+.br....'..........
#.h.†...###########
+..l....+ #
#..=....# #
.........[+ #
#####+###### ..# #
#+#.# .# ..... .#
#.#.##.# #.#.##.#


You could see a bat, a frilled lizard and a rat.

Vanquished Creatures
  A dart slug (D:1)
  An endoplasm (D:1)
  A giant cockroach (D:1)
  A ball python (D:1)
  A frilled lizard (D:1)
5 creatures vanquished.

Notes
Turn   | Place    | Note
-------+----------+-------------------------------------------
     0 | D:1      | shadowstone the Octopode Shapeshifter began the quest for
                  | the Orb.
     0 | D:1      | Reached XP level 1. HP: 13/13 MP: 1/1
    23 | D:1      | Reached XP level 2. HP: 16/18 MP: 2/2
   192 | D:1      | Slain by a rat

Illustrated notes

Levels and vault maps discovered:
D:1:      spicycebolla_arrival_xxxplode, layout_basic, serial_shops,
          nicolae_shop_advertising_works [nicolae_subvault_shop_adworks],
          fountainhead, minivault_27

Action                     || total
---------------------------++-------
  Melee: Unarmed           ||    10
         Constrict         ||     3
         Tentacles         ||     1
   Stab: Sleeping          ||     1
 Armour: Skin              ||    15
  Dodge: Dodged            ||    15

Table legend: (Time is in decaauts)
 A = Elapsed time spent in this place.
 B = Non-inter-level travel time spent in this place.
 C = Inter-level travel time spent in this place.
 D = Time resting spent in this place.
 E = Time spent auto-exploring this place.
 F = Levels seen in this place.
 G = Mean time per level.
                   A        B        C        D        E       F      G
               +--------+--------+--------+--------+--------+-----+--------+
         Total |    191 |    191 |      0 |      0 |    134 |   1 |  191.0 |
       Dungeon |    191 |    191 |      0 |      0 |    134 |   1 |  191.0 |
               +--------+--------+--------+--------+--------+-----+--------+

Top non-repeatable levels by time:
     D:1: 191 daAuts
